 Dungeon Crawl Stone Soup version 0.28-a0-1167-g616b1c6417 (webtiles) character file.

Game seed: 15008079491708380407

676 Ijustatesigmund the Skirmisher (level 7, -2/50 HPs)
             Began as an Octopode Fighter on Dec 16, 2021.
             Killed by nerve-wracking pain
             ... invoked by an orc priest
              (3 damage)
             ... on level 5 of the Dungeon.
             The game lasted 00:06:24 (5876 turns).

Ijustatesigmund the Skirmisher (Octopode Fighter)   Turns: 5876, Time: 00:06:25

Health: -2/50      AC: -2    Str: 15    XL:     7   Next: 59%
Magic:  7/7        EV: 14    Int: 12    God:
Gold:   131        SH:  5    Dex: 12    Spells: 6/6 levels left

rFire   . . .      SeeInvis .   a - +0 war axe
rCold   . . .      Faith    .   b - +0 buckler
rNeg    . . .      Spirit   .   n - +1 hat
rPois   .          Reflect  .   (no amulet)
rElec   .          Harm     .   (no ring)
rCorr   .          Rampage  .   (no ring)
Will    .....                   (no ring)
Stlth   ++........              (no ring)
HPRegen 0.16/turn               (no ring)
MPRegen 0.10/turn               (no ring)
                                (no ring)
                                (no ring)

@: corroded
A: almost no armour, amphibious, 8 rings, camouflage 1, gelatinous body 1,
(nimble swimmer 1), tentacles
a: no special abilities


You were on level 5 of the Dungeon.
You visited 1 branch of the dungeon, and saw 5 of its levels.

You collected 152 gold pieces.
You spent 21 gold pieces at shops.

Inventory:

Hand Weapons
 a - a +0 war axe (weapon)
Missiles
 e - a throwing net
 h - 2 javelins (quivered)
 j - 2 curare-tipped darts
Armour
 b - a +0 buckler (worn)
 n - a +1 hat (worn)
Jewellery
 c - a ring of magical power
Scrolls
 d - a scroll of identify
 l - a scroll of teleportation
 o - 2 scrolls of fear {unknown}
Potions
 f - a potion of heal wounds
 g - a potion of flight
 k - a potion of lignification
 m - a potion of mutation


   Skills:
 + Level 5.2 Fighting
 + Level 4.5 Axes
 - Level 5.1 Dodging
 + Level 0.5 Stealth
 - Level 4.3 Shields


You had 6 spell levels left.
You didn't know any spells.
Your spell library contained the following spells:

 Spells                   Type           Power      Damage    Failure   Level
 Animate Skeleton         Necr           0%         N/A       32%         1
 Apportation              Tloc           0%         N/A       32%         1
 Summon Small Mammal      Summ           0%         N/A       32%         1
 Ensorcelled Hibernation  Hex/Ice        0%         N/A       45%         2
 Ignite Poison            Fire/Tmut/Pois 0%         N/A       69%         3
 Mephitic Cloud           Conj/Pois/Air  0%         N/A       69%         3
 Tukima's Dance           Hex            0%         N/A       69%         3
 Freezing Cloud           Conj/Ice/Air   0%         6-21      100%        5


Dungeon Overview and Level Annotations

Branches:
Dungeon (5/15)
 Temple: D:4-7

Altars:
Dithmenos

Shops:
D:1 *


Innate Abilities, Weirdness & Mutations

You cannot wear most types of armour.
You are amphibious.
You can wear up to eight rings at the same time.
Your skin changes colour to match your surroundings (Stealth+).
Your rubbery body absorbs attacks. (AC +1, EV +1)
((You are camouflaged near water. (Stealth+)))
You have tentacles for arms and can constrict up to eight enemies at once.


Message History

You hit the orc. The jelly closely misses you. The orc completely misses you.
You hit the jelly. The acid corrodes you!
Your tentacles burn!
The jelly is severely wounded.
You hit the orc but do no damage.
An orc wizard comes into view. It is wielding a +0 dagger.
The jelly closely misses you. The orc hits you with a +0 club.
An orc priest comes into view. It is wielding a +0 short sword.
You hit the jelly.
Your tentacles burn!
The jelly is almost dead.
You barely miss the orc. The jelly hits you.
You are splashed with acid!
* * * LOW HITPOINT WARNING * * *
The orc closely misses you.
You are too injured to fight recklessly!
You are too injured to fight recklessly!
You are too injured to fight recklessly!
You are too injured to fight recklessly!
You are too injured to fight recklessly!
You are too injured to fight recklessly!
You are too injured to fight recklessly!
You are too injured to fight recklessly!
You are too injured to fight recklessly!
You are too injured to fight recklessly!
You are too injured to fight recklessly!
You are too injured to fight recklessly!
You hit the jelly but do no damage.
Your tentacles burn!
* * * LOW HITPOINT WARNING * * *
The jelly is almost dead.
You closely miss the orc. The jelly hits you.
* * * LOW HITPOINT WARNING * * *
You are splashed with acid.
* * * LOW HITPOINT WARNING * * *
The orc barely misses you. You block the jelly's attack.
Blink to where?
Press: ? - help, Dir - move target
Found an escape hatch in the ceiling.
As you read the scroll of blinking, it crumbles to dust.
Found a stone staircase leading up.
The orc priest mumbles some strange prayers to Beogh against you.
Pain shoots through your body!
You die...

#...######.######
#..o.o..##.#
###..o#.##.# ##
#..oJ....#..
........####.##
#.##.#....<....#
. ........#.#..#
######.....<..#
..#..@..#
####.##### #. ##


You could see a jelly, an orc priest, an orc wizard and 2 orcs.

Vanquished Creatures
  Sigmund (D:3)
  An ogre (D:4)
  A phantom (D:4)
  A scorpion (D:5)
  A water moccasin skeleton (D:2)
  2 orc wizards (D:3)
  8 gnolls
  6 adders
  A shadow imp (D:4)
  A dart slug (D:4)
  5 orcs
  4 bats
  5 endoplasms
  3 giant cockroaches
  4 goblins
  10 hobgoblins
  2 jackals (D:2)
  8 ball pythons
  A kobold (D:2)
  8 rats
73 creatures vanquished.

Notes
Turn   | Place    | Note
-------+----------+-------------------------------------------
     0 | D:1      | Ijustatesigmund the Octopode Fighter began the quest for
                  | the Orb.
     0 | D:1      | Reached XP level 1. HP: 16/16 MP: 1/1
    85 | D:1      | Reached XP level 2. HP: 21/21 MP: 2/2
   710 | D:1      | Found Dup Yfurch's Assorted Antiques.
   718 | D:1      | Bought a lumpy blue potion for 21 gold pieces
   755 | D:2      | Found a shadowy altar of Dithmenos.
   765 | D:2      | Reached XP level 3. HP: 25/26 MP: 3/3
  1052 | D:2      | Reached XP level 4. HP: 25/33 MP: 4/4
  1898 | D:3      | Reached XP level 5. HP: 37/37 MP: 5/5
  2036 | D:3      | Noticed Sigmund
  4190 | D:3      | Found a faded altar of an unknown god.
  4212 | D:3      | Killed Sigmund
  4213 | D:3      | Reached XP level 6. HP: 26/44 MP: 6/6
  4628 | D:4      | Reached XP level 7. HP: 21/49 MP: 7/7
  4841 | D:4      | Reached skill level 5 in Fighting
  5279 | D:5      | Entered Level 5 of the Dungeon
  5297 | D:5      | Reached skill level 5 in Dodging
  5874 | D:5      | HP: 1/50 [acid (6)]
  5876 | D:5      | Killed from afar by an orc priest

Illustrated notes

Levels and vault maps discovered:
D:1:      dpeg_arrival_tiny_a, layout_basic, serial_shops, shop,
          chequers_serial_rivers_micro_b, minmay_pentomino_t4
D:2:      layout_basic, basic_altar, lemuel_old_faithful
D:3:      layout_loops_corners, shapermc_ecumenical_altar_petra,
          minmay_fountain_box, uniq_sigmund
D:4:      layout_rooms
D:5:      layout_basic, minmay_puff

Skill      XL: |  1  2  3  4  5  6  7 |
---------------+----------------------+-----
Axes           | 3 4 |  4.5
Fighting       | 4 5 |  5.2
Dodging        | 4 5 |  5.1
Shields        | 4 |  4.3
Stealth        | |  0.5

Action                   |  1- 3 |  4- 6 |  7- 9 || total
-------------------------+-------+-------+-------++-------
Melee: War axe           |    38 |    57 |    36 ||   131
       Constrict         |    12 |    19 |    10 ||    41
       Tentacles         |     4 |    18 |    12 ||    34
Throw: Javelin           |       |     4 |       ||     4
       Throwing net      |       |     1 |     1 ||     2
       Dart              |       |       |     2 ||     2
  Use: Scroll            |     2 |     4 |     3 ||     9
       Potion            |       |     2 |       ||     2
 Stab: Sleeping          |     6 |     4 |     1 ||    11
Armor: Skin              |     2 |     1 |     1 ||     4
Dodge: Dodged            |    14 |    30 |    24 ||    68
Block: Buckler           |     7 |     9 |     3 ||    19

Table legend: (Time is in decaauts)
 A = Elapsed time spent in this place.
 B = Non-inter-level travel time spent in this place.
 C = Inter-level travel time spent in this place.
 D = Time resting spent in this place.
 E = Time spent auto-exploring this place.
 F = Levels seen in this place.
 G = Mean time per level.
                   A        B        C        D        E       F      G
               +--------+--------+--------+--------+--------+-----+--------+
         Total |   5914 |   5824 |     90 |   2487 |   2598 |   5 | 1182.8 |
       Dungeon |   5914 |   5824 |     90 |   2487 |   2598 |   5 | 1182.8 |
               +--------+--------+--------+--------+--------+-----+--------+

Top non-repeatable levels by time:
     D:1: 1820 daAuts
     D:2: 1511 daAuts
     D:3: 1257 daAuts
     D:4: 722 daAuts
     D:5: 602 daAuts
